 Dungeon Crawl Stone Soup version 0.31-a0-232-gb1c03b2570 (webtiles) character file.

Game seed: 18213321194030015181

11549 Newt the Skirmisher (level 12, -7/65 HPs)
             Began as a Kobold Hunter on July 7, 2023.
             Was a Believer of Hepliaklqana.
             Mangled by a komodo dragon (24 damage)
             ... on level 3 of the Lair of Beasts.
             The game lasted 00:12:30 (12307 turns).

Newt the Skirmisher (Kobold Hunter)                Turns: 12307, Time: 00:12:31

Health: -7/65      AC:  7    Str:  7    XL:     12   Next: 9%
Magic:  12/12      EV: 16    Int: 19    God:    Hepliaklqana [**....]
Gold:   1271       SH:  0    Dex: 30    Spells: 11/11 levels left

rFire   . . .        v - +9 mace "Sicsaa Rouw" {flame, Contam rF+ Int-3 Dex+9}
rCold   . . .        (no shield)
rNeg    . . .        J - +0 ring mail "Qaiffiuf" {*Corrode Will+ Regen+ Int+8}
rPois   .            (no helmet)
rElec   .            (no cloak)
rCorr   +            n - +2 pair of gloves
SInv    .            (no boots)
Will    +....        (no amulet)
Stlth   +++          o - ring of resist corrosion
HPRegen 1.10/turn    E - +4 ring of slaying
MPRegen 0.13/turn

%: corrode self (3%)
@: no status effects
A: reduced essence, small, no large weapons, nightstalker 3, clever 1, deformed
body, weak 1, heat vulnerability 1
a: Renounce Religion, Recall Ancestor, Ancestor Identity


You were on level 3 of the Lair of Beasts.
You worshipped Hepliaklqana.
Hepliaklqana was pleased with you.
You visited 3 branches of the dungeon, and saw 12 of its levels.
You also visited: Sewer.

You collected 1700 gold pieces.
You spent 429 gold pieces at shops.

Inventory:

Hand Weapons
 a - a +0 shortbow of freezing
 v - the +9 mace "Sicsaa Rouw" (weapon) {flame, Contam rF+ Int-3 Dex+9}
   (You found it on level 5 of the Dungeon)

   Int:       It affects your intelligence (-3).
   Dex:       It affects your dexterity (+9).
   rF:        It protects you from fire.
   Contam:    It causes magical contamination when unequipped.
 B - a +4 flail
Missiles
 u - 6 javelins
 z - a throwing net
Armour
 c - a +1 leather armour
 l - a +2 leather armour of fire resistance
 n - a +2 pair of gloves (worn)
 D - +1 swamp dragon scales
 J - the +0 ring mail "Qaiffiuf" (worn) {*Corrode Will+ Regen+ Int+8}
   (You found it on level 2 of the Lair of Beasts)

   Int:       It affects your intelligence (+8).
   Regen:     It increases your rate of health regeneration.
   *Corrode:  It may corrode you when you take damage.
   Will:      It increases your willpower.
Jewellery
 f - the ring "Koqoich" {rElec Int+6}
   (You bought it in a shop on level 8 of the Dungeon)

   [ring of intelligence]

   Int:       It affects your intelligence (+6).
   rElec:     It insulates you from electricity.
 m - an amulet of magic regeneration
 o - a ring of resist corrosion (left hand)
 E - a +4 ring of slaying (right hand)
Wands
 s - a wand of mindburst (3)
 w - a wand of iceblast (10)
 C - a wand of charming (2)
 F - a wand of flame (4)
Scrolls
 b - 2 scrolls of butterflies
 d - a scroll of blinking
 j - 3 scrolls of immolation
 r - 2 scrolls of teleportation
 t - a scroll of brand weapon
 x - 2 scrolls of fog
 y - 2 scrolls of enchant weapon
 G - a scroll of identify
Potions
 e - 2 potions of attraction
 g - 3 potions of lignification
 h - a potion of haste
 i - 3 potions of brilliance
 k - a potion of cancellation
 p - 7 potions of curing
 q - 2 potions of enlightenment
 A - a potion of ambrosia
 H - a potion of magic
 I - a potion of heal wounds {unknown}


   Skills:
 - Level 8.0 Fighting
 - Level 10.0 Maces & Flails
 - Level 11.3 Ranged Weapons
 + Level 8.5 Armour
 - Level 5.0 Dodging
 - Level 1.3 Stealth


You had 11 spell levels left.
You didn't know any spells.
Your spell library contained the following spells:

 Spells                   Type           Power      Damage    Failure   Level
 Beastly Appendage        Tmut           0%         N/A       50%         1
 Foxfire                  Conj/Fire      0%         2x1d4     50%         1
 Shock                    Conj/Air       0%         1d3       50%         1
 Wereblood                Tmut           0%         N/A       65%         2
 Inner Flame              Hex/Fire       0%         N/A       86%         3
 Spider Form              Tmut/Pois      0%         N/A       86%         3
 Stone Arrow              Conj/Erth      0%         3d7       86%         3
 Swiftness                Air            0%         N/A       86%         3
 Volatile Blastmotes      Fire/Tloc      0%         2d10      86%         3
 Airstrike                Air            0%         2d(0-16)  99%         4
 Animate Armour           Summ/Erth      0%         N/A       99%         4
 Fulminant Prism          Conj/Hex       0%         3d5       99%         4
 Iskenderun's Mystic Bla  Conj/Tloc      0%         2d3       99%         4
 Fireball                 Conj/Fire      0%         3d3       100%        5
 Lee's Rapid Deconstruct  Erth           0%         3d4*      100%        5
 Yara's Violent Unravell  Hex/Tmut       0%         3d3       100%        5
 Plasma Beam              Fire/Air       0%         2x1d10    100%        6
 Starburst                Conj/Fire      0%         6d3       100%        6
 Enfeeble                 Hex            0%         N/A       100%        7
 Lehudib's Crystal Spear  Conj/Erth      0%         10d2      100%        8


Dungeon Overview and Level Annotations

Branches:
Dungeon (8/15)             Temple (1/1) D:6            Lair (3/5) D:8
  Sewer (visited)
  Swamp: Lair:2-3    Shoals: Lair:2-3     Snake: Lair:2-3    Spider: Lair:2-3

Altars:
Ashenzari
Dithmenos
Elyvilon
Fedhas
Gozag
Hepliaklqana
Kikubaaqudgha
Makhleb
Nemelex Xobeh
Okawaru
Qazlal
Ru
Trog
Vehumet
Wu Jian
Yredelemnul
Zin
The Shining One

Shops:
D:8 *


Innate Abilities, Weirdness & Mutations

Your life essence is reduced to manifest your ancestor. (-10% HP)
You are small and have problems with some larger weapons.
You are completely attuned to the shadows.
Your mind is acute. (Int +4, Str/Dex -1)
Armour fits poorly on your strangely shaped body.
You are weak. (Str -2)
You are vulnerable to heat. (rF-)


Message History

The wolf bites you!
Wilfreda hits the wolf with a +0 dagger of draining.
Wilfreda drains the wolf.
You sock the wolf! You burn the wolf.
The wolf is severely wounded.
The wolf misses you. The wolf bites you!
The wolf misses the wolf.
The wolf closely misses itself.
The wolf bites you but does no damage.
Unknown command.
You closely miss the wolf.
The wolf is severely wounded.
The wolf bites you but does no damage. The wolf misses you.
Wilfreda hits the wolf with a +0 dagger of draining.
Wilfreda drains the wolf.
The wolf bites you but does no damage.
Unknown command.
You closely miss the wolf.
The wolf is severely wounded.
The wolf closely misses you. The wolf bites you.
* * * LOW HITPOINT WARNING * * *
The wolf bites you.
* * * LOW HITPOINT WARNING * * *
Unknown command.
The wolf attacks as you move away! The wolf barely misses you.
The wolf bites you but does no damage.
The bullfrog hits you but does no damage.
There is a stone staircase leading down here.
Unknown command.
The wolf closely misses you.
The bullfrog hits you but does no damage.
The komodo dragon misses you. The wolf misses you. x2
You climb downwards.
There is a stone staircase leading up here.
Unknown command.
Unknown command.
Blink to where?
Press: ? - help, Dir - move target
As you read the scroll of blinking, it crumbles to dust.
You sock the komodo dragon! You burn the komodo dragon.
The komodo dragon is heavily wounded.
The komodo dragon bites you!!
You die...

....Y...
##.Y.....
........
.. #h.....
#..#.h....
...##F....
....#l....
#..@#....
..#....#..
....#.#
..#......
.....# ..


You could see a komodo dragon, a wolf and a bullfrog.

Vanquished Creatures
  Erica (D:8)
  Pikel (D:7)
  A rime drake (Lair:1)
  A polar bear (Lair:1)
  A blink frog (Lair:1)
  A hornet (D:7)
  Prince Ribbit (D:5)
  A wyvern (Lair:2)
  16 yaks
  5 vampire mosquitoes (Lair:1)
  8 water moccasins
  An orc warrior (D:8)
  A sky beast (D:7)
  A black bear (D:5)
  A lemure (D:7)
  2 phantoms
  4 kobold brigands
  4 bullfrogs
  A gnoll sergeant (D:4)
  A scorpion (D:5)
  2 wights (D:7)
  5 howler monkeys
  3 hounds
  3 jellies
  8 orc priests
  4 gnoll boudas
  5 iguanas
  An orc wizard (D:8)
  29 gnolls
  2 river rats (D:3)
  9 adders
  2 white imps
  4 worms
  4 dart slugs
  35 orcs
  7 ball pythons
  8 bats
  7 endoplasms
  3 giant cockroaches
  14 hobgoblins
  24 jackals
  26 kobolds
  3 quokkas
  5 frilled lizards (D:2)
  7 goblins
  10 rats
283 creatures vanquished.

Vanquished Creatures (collateral kills)
  A skyshark (Lair:2)
  A cane toad (Lair:1)
  Maggie (D:8)
  2 komodo dragons (Lair:1)
  A polar bear (Lair:1)
  3 blink frogs (Lair:1)
  A wyvern (D:7)
  A yak (Lair:1)
  2 water moccasins (Lair:1)
  A lemure (D:7)
  2 wights (D:7)
  A gnoll (D:7)
  An orc (D:8)
  A kobold (D:8)
19 creatures vanquished.

Vanquished Creatures (others)
  A hexer (Lair:1)
  2 ancestors
3 creatures vanquished.

Grand Total: 305 creatures vanquished

Notes
Turn   | Place    | Note
-------+----------+-------------------------------------------
     0 | D:1      | Newt the Kobold Hunter began the quest for the Orb.
     0 | D:1      | Reached XP level 1. HP: 12/12 MP: 1/1
   106 | D:1      | Reached XP level 2. HP: 18/18 MP: 2/2
   524 | D:1      | Reached XP level 3. HP: 16/23 MP: 3/3
  1015 | D:2      | Reached XP level 4. HP: 30/30 MP: 4/4
  1345 | D:2      | Found a broken altar of Ashenzari.
  1657 | D:2      | Reached skill level 5 in Fighting
  2115 | D:3      | Reached XP level 5. HP: 35/35 MP: 5/5
  2169 | D:3      | Found an ancient bone altar of Kikubaaqudgha.
  2199 | D:3      | Found a glowing drain.
  2214 | D:3      | Reached skill level 6 in Ranged Weapons
  2215 | Sewer    | Entered a sewer
  2297 | Sewer    | Noticed a water moccasin
  2304 | Sewer    | Killed a water moccasin
  2305 | Sewer    | Reached skill level 7 in Ranged Weapons
  2305 | Sewer    | Reached XP level 6. HP: 25/40 MP: 6/6
  2651 | D:3      | Reached skill level 8 in Ranged Weapons
  3499 | D:4      | Reached XP level 7. HP: 41/44 MP: 7/7
  3553 | D:4      | Reached skill level 9 in Ranged Weapons
  4232 | D:4      | Reached skill level 10 in Ranged Weapons
  4396 | D:4      | HP: 2/44 [gnoll sergeant/+3 trident of protection (8)]
  4703 | D:4      | Reached XP level 8. HP: 46/49 MP: 8/8
  4715 | D:4      | Reached skill level 5 in Dodging
  5170 | D:5      | Entered Level 5 of the Dungeon
  5698 | D:5      | Identified a scroll of acquirement
  5698 | D:5      | Acquired 1027 gold pieces
  5813 | D:5      | Found a glowing silver altar of Zin.
  5841 | D:5      | You fall into a shaft and drop 1 floor!
  6212 | D:5      | Reached XP level 9. HP: 56/59 MP: 9/9
  6259 | D:5      | Identified the +9 mace "Sicsaa Rouw" {flame, Contam rF+
                  | Int-3 Dex+9}
  6297 | D:5      | Noticed Prince Ribbit
  6307 | D:5      | Killed Prince Ribbit
  6308 | D:5      | Reached skill level 11 in Ranged Weapons
  6979 | D:6      | Reached skill level 1 in Maces & Flails
  7194 | D:6      | Found a staircase to the Ecumenical Temple.
  7200 | Temple   | Entered the Ecumenical Temple
  7327 | Temple   | Became a worshipper of Hepliaklqana the Forgotten
  7889 | D:7      | Noticed a hornet
  7898 | D:7      | Killed a hornet
  8308 | D:7      | Reached * piety under Hepliaklqana
  8312 | D:7      | Reached skill level 5 in Maces & Flails
  8323 | D:7      | Noticed Pikel
  8338 | D:7      | Killed Pikel
  8339 | D:7      | Reached XP level 10. HP: 19/57 MP: 10/10
  8951 | D:8      | Noticed Maggie
  8969 | D:8      | Killed Maggie
  9744 | D:8      | Found a staircase to the Lair.
 10018 | D:8      | Found Heymm's Assorted Antiques.
 10023 | D:8      | Bought an ancient glass ring for 165 gold pieces
 10023 | D:8      | Identified the ring "Koqoich" {rElec Int+6} (You bought it
                  | in a shop on level 8 of the Dungeon)
 10023 | D:8      | Bought a potion of mutation for 264 gold pieces
 10047 | D:8      | Noticed Erica
 10058 | D:8      | Killed Erica
 10059 | D:8      | Reached skill level 10 in Maces & Flails
 10059 | D:8      | Reached skill level 1 in Armour
 10059 | D:8      | Reached XP level 11. HP: 57/61 MP: 11/11
 10274 | D:8      | Gained mutation: You are weak. (Str -2) [potion of
                  | mutation]
 10274 | D:8      | Gained mutation: You have an increased reservoir of magic.
                  | (+10% MP) [potion of mutation]
 10274 | D:8      | Gained mutation: Your mind is acute. (Int +4, Str/Dex -1)
                  | [potion of mutation]
 10275 | D:8      | Lost mutation: You have an increased reservoir of magic.
                  | (+10% MP) [potion of mutation]
 10275 | D:8      | Lost mutation: Your mind is acute. (Int +4, Str/Dex -1)
                  | [potion of mutation]
 10275 | D:8      | Gained mutation: You are robust. (+10% HP) [potion of
                  | mutation]
 10275 | D:8      | Gained mutation: You are dopey. (Int -2) [potion of
                  | mutation]
 10275 | D:8      | Gained mutation: You are vulnerable to heat. (rF-) [potion
                  | of mutation]
 10276 | D:8      | Lost mutation: You are robust. (+10% HP) [potion of
                  | mutation]
 10276 | D:8      | Lost mutation: You are dopey. (Int -2) [potion of mutation]
 10276 | D:8      | Lost mutation: You are vulnerable to heat. (rF-) [potion of
                  | mutation]
 10276 | D:8      | Gained mutation: Armour fits poorly on your strangely
                  | shaped body. [potion of mutation]
 10276 | D:8      | Gained mutation: You are vulnerable to heat. (rF-) [potion
                  | of mutation]
 10276 | D:8      | Gained mutation: Your mind is acute. (Int +4, Str/Dex -1)
                  | [potion of mutation]
 10525 | Lair:1   | Entered Level 1 of the Lair of Beasts
 10539 | Lair:1   | Reached ** piety under Hepliaklqana
 10540 | Lair:1   | Remembered your ancestor Wilfreda as a hexer
 10783 | Lair:1   | Reached skill level 5 in Armour
 12223 | Lair:2   | Identified the +0 ring mail "Qaiffiuf" {*Corrode Will+
                  | Regen+ Int+8}
 12245 | Lair:2   | Reached XP level 12. HP: 52/65 MP: 12/12
 12289 | Lair:2   | Noticed a skyshark
 12296 | Lair:2   | Killed a skyshark
 12307 | Lair:3   | Mangled by a komodo dragon

Illustrated notes

Levels and vault maps discovered:
D:1:      dpeg_arrival_connections, layout_basic, serial_forest,
          infiniplex_forest_clump_medium, infiniplex_forest_zigzag_2,
          infiniplex_forest_lined_corner, infiniplex_forest_corner_2,
          infiniplex_forest_zigzag_1, infiniplex_forest_clump_large,
          infiniplex_forest_clump_double, infiniplex_forest_straight_1,
          corexii_item_surrounded_by_moat, chequers_big_river,
          minmay_misc_feat_iff, minmay_tree_intersection
D:2:      layout_basic, basic_altar, minmay_bisected
D:3:      minmay_razor_zed, layout_basic, old_standard_altar,
          portal_sewer_entry_a, grunt_ministairs_10, hex_tiny
D:4:      lemuel_castle_with_subvaults [lemuel_castle_interior_carwin_2],
          layout_loops_ring
D:5:      layout_basic, lemuel_coloured_pillars_altar, uniq_prince_ribbit1
D:6:      layout_loops_cross, minmay_temple_entry_hall
D:7:      layout_cave_pools, uniq_pikel
D:8:      layout_loops_ring, lair_entry_dummy, serial_glass, glass_columns_a,
          glass_columns_a, serial_shops, shop, uniq_maggie, uniq_erica
Temple:   minmay_temple_bridge_d
Lair:1:   layout_hall_layers, st_stairs_13, pond, grunt_megastairs_1
Lair:2:   layout_hall_layers, nicolae_swamp_entry_splash_gauntlet,
          spider_nest_entry_a, beast_lair_carwin_11
Lair:3:   layout_hall_layers, grunt_megastairs_2

Skill      XL: |  1  2  3  4  5  6  7  8  9 10 11 |
---------------+----------------------------------+-----
Fighting       | 3 4 5 8 |  8.0
Ranged Weapons | 7 8 10 11 | 11.3
Dodging        | 4 5 |  5.0
Maces & Flails | 6 10 | 10.0
Armour         | 1 8 |  8.5
Stealth        | |  1.3

Action                     |  1- 3 |  4- 6 |  7- 9 | 10-12 || total
---------------------------+-------+-------+-------+-------++-------
  Melee: Mace              |       |       |    77 |   269 ||   346
         Punch             |       |       |     1 |     3 ||     4
   Fire: Shortbow          |    81 |   160 |   369 |       ||   610
  Throw: Throwing net      |       |       |     1 |       ||     1
 Invoke: Ancestor Life: He |       |       |       |     1 ||     1
    Use: Scroll            |       |     9 |     8 |     7 ||    24
         Potion            |       |       |     3 |     4 ||     7
   Stab: Sleeping          |       |       |     4 |     8 ||    12
         Distracted        |       |       |     1 |     3 ||     4
         Confused          |       |       |       |     2 ||     2
 Armour: Leather armour    |    13 |    16 |    58 |     3 ||    90
         Swamp dragon scal |       |       |       |    39 ||    39
         Ring mail         |       |       |       |     7 ||     7
  Dodge: Dodged            |    30 |    38 |   262 |   199 ||   529

Table legend: (Time is in decaauts)
 A = Elapsed time spent in this place.
 B = Non-inter-level travel time spent in this place.
 C = Inter-level travel time spent in this place.
 D = Time resting spent in this place.
 E = Time spent auto-exploring this place.
 F = Levels seen in this place.
 G = Mean time per level.
                   A        B        C        D        E       F      G
               +--------+--------+--------+--------+--------+-----+--------+
         Total |  12367 |  11941 |    426 |   2777 |   7456 |  13 |  951.3 |
       Dungeon |  10168 |   9839 |    329 |   1944 |   6474 |   8 | 1271.0 |
        Temple |    196 |    127 |     69 |      0 |    113 |   1 |  196.0 |
          Lair |   1769 |   1742 |     27 |    746 |    747 |   3 |  589.7 |
         Sewer |    233 |    233 |      0 |     87 |    121 |   1 |  233.0 |
               +--------+--------+--------+--------+--------+-----+--------+

Top non-repeatable levels by time:
     D:4: 2104 daAuts
  Lair:1: 1678 daAuts
     D:8: 1676 daAuts
     D:5: 1385 daAuts
     D:2: 1152 daAuts
     D:7: 1067 daAuts
     D:3: 1003 daAuts
     D:1: 969 daAuts
     D:6: 809 daAuts
   Sewer: 233 daAuts
  Temple: 196 daAuts
  Lair:2: 88 daAuts
  Lair:3: 1 daAuts
